 Dungeon Crawl Stone Soup version 0.27-a0-899-ge2d0b17c59 (webtiles) character file.

Game seed: 16271999891732783767

3826 robertstho the Covert (level 10, -14/79 HPs)
             Began as an Octopode Brigand on Apr 5, 2021.
             Was an Initiate of Dithmenos.
             Killed from afar by a steam dragon (31 damage)
             ... with a ball of steam
             ... on level 7 of the Dungeon.
             The game lasted 00:09:55 (6931 turns).

robertstho the Covert (Octopode Brigand)            Turns: 6931, Time: 00:09:56

Health: -14/79     AC:  1    Str: 15    XL:     10   Next: 17%
Magic:  10/10      EV: 16    Int: 13    God:    Dithmenos [......]
Gold:   249        SH:  0    Dex: 19    Spells: 9/9 levels left

rFire    x . .     SeeInvis .   n - +2 short sword (venom)
rCold    + . .     Faith    .   (no shield)
rNeg     . . .     Spirit   .   (helmet restricted)
rPois    .         Reflect  .   (no amulet)
rElec    +         Harm     .   f - ring of willpower
rCorr    .         Rampage  .   a - +6 ring of dexterity
Will     +....                  i - ring of ice
Stlth    ++++++....             (no ring)
HPRegen  1.23/turn              (no ring)
MPRegen  0.12/turn              (no ring)
                                (no ring)
                                (no ring)

@: about to teleport, studying Transmutations
A: almost no armour, amphibious, 8 rings, camouflage 1, gelatinous body 1,
(nimble swimmer 1), tentacles, tentacle spike 1, regeneration 1, robust 1,
electricity resistance
a: Renounce Religion


You were on level 7 of the Dungeon.
You worshipped Dithmenos.
Dithmenos was noncommittal.
You visited 2 branches of the dungeon, and saw 8 of its levels.

You collected 249 gold pieces.

Inventory:

Hand Weapons
 g - a +1 whip of electrocution
 l - a +2 short sword of protection
 n - a +2 short sword of venom (weapon)
Missiles
 b - 59 poisoned darts (quivered)
 c - 2 curare-tipped darts
Jewellery
 a - a +6 ring of dexterity (right tentacle)
 f - a ring of willpower (left tentacle)
 i - a ring of ice (on tentacle)
Wands
 j - a wand of iceblast (10)
 k - a wand of polymorph (5)
Scrolls
 d - 2 scrolls of holy word
 e - a scroll of teleportation
 m - 3 scrolls of immolation
 p - a scroll of magic mapping
Potions
 o - a potion of mutation


   Skills:
 * Level 7.8 Fighting
 + Level 8.0 Short Blades
 + Level 2.0 Throwing
 + Level 5.1 Dodging
 * Level 12.0 Stealth
 * Level 1.0 Invocations


You had 9 spell levels left.
You didn't know any spells.
Your spell library was empty.

Dungeon Overview and Level Annotations

Branches:
Dungeon (7/15)             Temple (1/1) D:4

Altars:
Dithmenos
Elyvilon
Fedhas
Gozag
Kikubaaqudgha
Nemelex Xobeh
Okawaru
Qazlal
Sif Muna
Trog
Uskayaw
Vehumet
Wu Jian
Yredelemnul
The Shining One


Innate Abilities, Weirdness & Mutations

You cannot wear most types of armour.
You are amphibious.
You can wear up to eight rings at the same time.
Your skin changes colour to match your surroundings (Stealth+).
Your rubbery body absorbs attacks. (AC +1, EV +1)
((You are camouflaged near water. (Stealth+)))
You have tentacles for arms and can constrict up to eight enemies at once.
One of your tentacles bears a spike.
Your natural rate of healing is unusually fast.
You are robust. (+10% HP)
You are resistant to electric shocks. (rElec)


Message History

A steam dragon is nearby!
Found a leatherbound book.
The steam dragon misses you. The steam dragon closely misses you.
You barely miss the steam dragon.
You pierce the steam dragon.
The steam dragon is lightly wounded.
You closely miss the steam dragon.
You pierce the steam dragon.
The steam dragon is lightly wounded.
The steam dragon breathes steam at you. The ball of steam hits you!!
The steam scalds you terribly!
You hit the steam dragon but do no damage.
The steam dragon is poisoned.
You pierce the steam dragon, but do no damage.
The steam dragon is lightly wounded.
You are engulfed in a cloud of scalding steam.
The steam dragon closely misses you. The steam dragon barely misses you.
You closely miss the steam dragon.
The steam dragon is lightly wounded.
You are engulfed in a cloud of scalding steam.
The steam dragon bites you!
* * * LOW HITPOINT WARNING * * *
The steam dragon claws you.
* * * LOW HITPOINT WARNING * * *
You feel better. The steam dragon closely misses you.
The steam dragon claws you.
Unknown command.
You closely miss the steam dragon.
You pierce the steam dragon.
The steam dragon is lightly wounded.
You hit the steam dragon but do no damage.
The steam dragon looks even sicker.
The steam dragon is lightly wounded.
The steam dragon bites you!
* * * LOW HITPOINT WARNING * * *
The steam dragon claws you.
* * * LOW HITPOINT WARNING * * *
As you read the scroll of teleportation, it crumbles to dust.
You feel strangely unstable. The steam dragon closely misses you.
The steam dragon barely misses you. The steam dragon breathes steam at you.
The ball of steam hits you!! The steam scalds you terribly!
You die...

#..# #<# #..# #.#
#..###.## #...##..#
##...###.#
##........#
##.........##
#.........D.###
#..........§@.###.#
#...........§.....#
##..................
##........#.....##.
##.#.###.........
#.#.# ....[?..###
#.#.#......>..#
#.#...........#
.#............


You could see a steam dragon (very poisoned, catching breath).

Vanquished Creatures
  A two-headed ogre (D:4)
  Pikel (D:6)
  5 yaks
  A vampire (D:7)
  A water moccasin (D:7)
  2 ice beasts (D:5)
  An orc warrior (D:6)
  A sky beast (D:5)
  A black bear (D:5)
  2 centaurs
  2 lemures (D:6)
  Blork the orc (D:6)
  A phantom (D:5)
  A bullfrog (D:4)
  3 scorpions
  A wyvern zombie (D:5)
  A water moccasin zombie (D:5)
  A centaur zombie (D:5)
  A gnoll shaman (D:5)
  2 orc priests
  2 iguanas
  2 jellies (D:6)
  A centaur skeleton (D:5)
  5 orc wizards
  A hound skeleton (D:5)
  3 gnolls (D:5)
  12 adders
  A shadow imp (D:3)
  A white imp (D:4)
  An ufetubus (D:5)
  3 worms
  2 dart slugs
  21 orcs
  9 ball pythons
  9 endoplasms
  4 giant cockroaches
  9 goblins
  6 hobgoblins
  6 jackals
  2 quokkas
  4 bats
  5 frilled lizards
  10 kobolds
  8 rats
157 creatures vanquished.

Vanquished Creatures (others)
  6 plants (D:5)
6 creatures vanquished.

Grand Total: 163 creatures vanquished

Notes
Turn   | Place    | Note
-------+----------+-------------------------------------------
     0 | D:1      | robertstho the Octopode Brigand began the quest for the
                  | Orb.
     0 | D:1      | Reached XP level 1. HP: 14/14 MP: 1/1
   292 | D:1      | Reached XP level 2. HP: 15/19 MP: 2/2
   569 | D:1      | Reached skill level 6 in Stealth
   889 | D:1      | Reached XP level 3. HP: 25/25 MP: 3/3
  1036 | D:1      | Found a faded altar of an unknown god.
  1386 | D:2      | Reached skill level 7 in Stealth
  1403 | D:2      | Reached XP level 4. HP: 29/30 MP: 4/4
  1932 | D:3      | Reached skill level 8 in Stealth
  1937 | D:3      | Reached XP level 5. HP: 19/35 MP: 5/5
  2839 | D:4      | Reached skill level 9 in Stealth
  2839 | D:4      | Reached XP level 6. HP: 30/41 MP: 6/6
  3254 | D:4      | Noticed a moth of wrath
  3257 | D:4      | Found a bloodstained altar of Trog.
  3523 | D:4      | Found a staircase to the Ecumenical Temple.
  3584 | D:4      | Noticed a two-headed ogre
  3628 | D:5      | Entered Level 5 of the Dungeon
  3998 | D:5      | Reached XP level 7. HP: 19/46 MP: 7/7
  4655 | D:5      | Reached skill level 10 in Stealth
  4809 | D:5      | Reached XP level 8. HP: 54/54 MP: 8/8
  4824 | D:5      | Noticed a yak
  4826 | D:5      | Noticed a yak
  4827 | D:5      | Noticed a yak
  4828 | D:5      | Noticed a yak
  4829 | D:5      | Noticed a yak
  4840 | D:5      | Gained mutation: You are resistant to electric shocks.
                  | (rElec) [potion of mutation]
  4840 | D:5      | Gained mutation: You are robust. (+10% HP) [potion of
                  | mutation]
  4840 | D:5      | Gained mutation: One of your tentacles bears a spike.
                  | [potion of mutation]
  4840 | D:5      | Gained mutation: Your natural rate of healing is unusually
                  | fast. [potion of mutation]
  4856 | D:5      | Killed a yak
  4864 | D:5      | Killed a yak
  4865 | D:5      | Reached skill level 5 in Fighting
  4865 | D:5      | Reached skill level 5 in Short Blades
  4881 | D:5      | Killed a yak
  5002 | D:6      | Killed a yak
  5012 | D:6      | HP: 3/61 [orc/+0 flail (7)]
  5096 | D:6      | Reached skill level 11 in Stealth
  5096 | D:6      | Reached XP level 9. HP: 40/68 MP: 9/9
  5285 | D:6      | Noticed Pikel
  5310 | D:6      | Killed Pikel
  5581 | D:6      | Noticed Blork the orc
  5588 | D:6      | Killed Blork the orc
  5717 | D:6      | Found a white marble altar of Elyvilon.
  5990 | D:4      | Killed a two-headed ogre
  5991 | D:4      | Reached XP level 10. HP: 38/78 MP: 10/10
  6003 | D:4      | HP: 1/78 [something (12)]
  6314 | D:4      | Reached skill level 5 in Dodging
  6366 | Temple   | Entered the Ecumenical Temple
  6414 | Temple   | Became a worshipper of Dithmenos the Shadowed
  6573 | D:5      | Reached skill level 12 in Stealth
  6875 | D:7      | Reached skill level 1 in Invocations
  6931 | D:7      | Killed from afar by a steam dragon

Illustrated notes

Levels and vault maps discovered:
D:1:      dpeg_arrival_pond, layout_loops_ring, basic_ecumenical_altar,
          chequers_serial_rivers_micro_a
D:2:      layout_rooms
D:3:      minmay_wonky_spiral, layout_rooms
D:4:      layout_basic, tgw_trog, minmay_temple_entry_enclosed_plants,
          minmay_manual_mess
D:5:      layout_basic, minmay_misc_feat_encased, serial_bayou_pond_b,
          kennysheep_boxes
D:6:      layout_loops_ring, kennysheep_mini, uniq_pikel, uniq_blork_the_orc
D:7:      layout_rooms, grunt_temple_overflow_champion_of_chaos,
          lemuel_tele_altar, minmay_misc_feat_chi, uniq_duvessa
Temple:   nicolae_temple_god_jail

Skill      XL: |  1  2  3  4  5  6  7  8  9 10 |
---------------+-------------------------------+-----
Stealth        | 6 7 8 9 10 11 12 | 12.0
Fighting       | 3 4 5 7 |  7.8
Short Blades   | 3 4 6 7 8 |  8.0
Dodging        | 2 3 4 5 |  5.1
Invocations    | 1 |  1.0
Throwing       | |  2.0

Action                   |  1- 3 |  4- 6 |  7- 9 | 10-12 || total
-------------------------+-------+-------+-------+-------++-------
Melee: Dagger            |    62 |    42 |       |       ||   104
       Tentacles         |     7 |    28 |    53 |    11 ||    99
       Constrict         |     8 |    26 |    23 |     7 ||    64
       Short sword       |       |   104 |   196 |    47 ||   347
       Kick              |       |       |    64 |    26 ||    90
  Use: Scroll            |       |     4 |     6 |     2 ||    12
       Potion            |       |     2 |     5 |     1 ||     8
 Stab: Sleeping          |    22 |    16 |     5 |     1 ||    44
       Distracted        |       |       |     1 |       ||     1
Armor: Skin              |     1 |    58 |    27 |       ||    86
Dodge: Dodged            |    25 |    96 |   102 |    28 ||   251

Table legend: (Time is in decaauts)
 A = Elapsed time spent in this place.
 B = Non-inter-level travel time spent in this place.
 C = Inter-level travel time spent in this place.
 D = Time resting spent in this place.
 E = Time spent auto-exploring this place.
 F = Levels seen in this place.
 G = Mean time per level.
                   A        B        C        D        E       F      G
               +--------+--------+--------+--------+--------+-----+--------+
         Total |   6865 |   6518 |    347 |   1249 |   4074 |   8 |  858.1 |
       Dungeon |   6807 |   6483 |    324 |   1249 |   4040 |   7 |  972.4 |
        Temple |     57 |     35 |     22 |      0 |     34 |   1 |   57.0 |
               +--------+--------+--------+--------+--------+-----+--------+

Top non-repeatable levels by time:
     D:5: 1865 daAuts
     D:4: 1284 daAuts
     D:1: 1240 daAuts
     D:6: 874 daAuts
     D:3: 874 daAuts
     D:2: 566 daAuts
     D:7: 101 daAuts
  Temple: 57 daAuts
